 Dungeon Crawl Stone Soup version 0.28-a0-1087-gf3fc490d9d (webtiles) character file.

Game seed: 15045865529393280048

6219 fragbeetle the Grappler (level 10, -25/84 HPs)
             Began as a Yellow Draconian Transmuter on Dec 10, 2021.
             Was a Believer of Makhleb.
             Killed from afar by Fannar (32 damage)
             ... with a bolt of cold
             ... on level 11 of the Dungeon.
             The game lasted 00:35:13 (13186 turns).

fragbeetle the Grappler (DrTm)                     Turns: 13186, Time: 00:35:14

Health: -25/84     AC:  2    Str: 19    XL:     10   Next: 61%
Magic:  17/17      EV: 27    Int: 17    God:    Makhleb [**....]
Gold:   623        SH:  0    Dex: 17    Spells: 8/19 levels left

rFire   . . .      SeeInvis .     - Unarmed
rCold   . . .      Faith    .   (shield currently unavailable)
rNeg    . . .      Spirit   .   (armour unavailable)
rPois   x          Reflect  .   (helmet currently unavailable)
rElec   .          Harm     .   (cloak currently unavailable)
rCorr   .          Rampage  .   (gloves currently unavailable)
Will    .....                   (boots currently unavailable)
Stlth   ++........              (no amulet)
HPRegen 0.24/turn               e - +6 ring of strength
MPRegen 0.15/turn               i - +4 ring of evasion

@: spider-form
A: venomous fangs, (spit acid), AC +7, tiny, unfitting armour, (cold-blooded),
(acid resistance)
a: End Transformation, Renounce Religion, Minor Destruction


You were on level 11 of the Dungeon.
You worshipped Makhleb.
Makhleb was pleased with you.
You were a venomous arachnid creature.
You visited 2 branches of the dungeon, and saw 12 of its levels.
You also visited: Ossuary.

You collected 623 gold pieces.

Inventory:

Missiles
 j - 3 throwing nets
 p - 10 javelins
 C - 59 stones
Armour
 a - a +0 pair of boots (melded)
 w - a +0 tower shield
 D - a +0 pair of gloves (melded)
Magical Staves
 d - a staff of air
 m - a staff of death
Jewellery
 e - a +6 ring of strength (left front leg)
 i - a +4 ring of evasion (right front leg)
 k - a ring of protection from cold
 n - a +4 ring of evasion
 t - a ring of magical power
 v - a +6 ring of intelligence
 K - a ring of ice
 M - a ring of willpower
 P - an amulet of guardian spirit
Wands
 y - a wand of polymorph (13)
 B - a wand of paralysis (3)
 L - a wand of flame (8)
Scrolls
 b - 2 scrolls of fog
 g - 2 scrolls of fear
 l - 5 scrolls of teleportation
 q - 8 scrolls of noise
 x - 4 scrolls of vulnerability
 A - a scroll of amnesia {unknown}
 F - a scroll of brand weapon {unknown}
 G - a scroll of summoning {unknown}
 I - 2 scrolls of blinking {unknown}
 N - 3 scrolls of enchant weapon
Potions
 c - a potion of resistance
 f - 2 potions of mutation
 h - 5 potions of heal wounds
 o - 5 potions of degeneration
 r - 6 potions of curing
 s - 2 potions of brilliance
 u - a potion of attraction
 z - 3 potions of flight
 E - a potion of cancellation
 H - a potion of ambrosia {unknown}
 J - a potion of invisibility {unknown}
 O - a potion of magic {unknown}


   Skills:
 * Level 6.7 Fighting
 * Level 6.3 Dodging
 - Level 1.9 Stealth
 + Level 8.6 Unarmed Combat
 + Level 5.2 Spellcasting
 * Level 7.2 Transmutations
 + Level 3.0 Poison Magic
 * Level 4.4 Evocations


You had 8 spell levels left.
You knew the following spells:

 Your Spells              Type           Power      Damage    Failure   Level
a - Beastly Appendage     Tmut           58%        N/A       4%          1
b - Spider Form           Tmut/Pois      21%        N/A       14%         3
c - Passwall              Tmut/Erth      13%        N/A       14%         2
d - Sandblast             Erth           8%         2d5       32%         1
e - Ice Form              Ice/Tmut       16%        N/A       52%         4

Your spell library contained the following spells:

 Spells                   Type           Power      Damage    Failure   Level
 Wereblood                Tmut           29%        N/A       5%          2
 Ignite Poison            Fire/Tmut/Pois 16%        N/A       26%         3
 Blink                    Tloc           8%         N/A       43%         2
 Conjure Flame            Conj/Fire      4%         6-21      61%         3
 Dazzling Flash           Conj/Hex       8%         N/A       61%         3
 Gell's Gravitas          Tloc           4%         N/A       61%         3
 Lesser Beckoning         Tloc           4%         N/A       61%         3
 Stone Arrow              Conj/Erth      8%         3d7       61%         3
 Teleport Other           Tloc           4%         N/A       61%         3
 Tukima's Dance           Hex            4%         N/A       61%         3
 Yara's Violent Unravell  Hex/Tmut       8%         3d5       83%         5
 Iskenderun's Mystic Bla  Conj/Tloc      4%         2d3       92%         4
 Passage of Golubria      Tloc           4%         N/A       92%         4
 Sticky Flame             Conj/Fire      4%         2d3       92%         4
 Manifold Assault         Tloc           4%         N/A       99%         5
 Starburst                Conj/Fire      2%         6d3       100%        6


Dungeon Overview and Level Annotations

Branches:
Dungeon (11/15)            Temple (1/1) D:7            Lair (0/6) D:11
    Orc (0/2) D:9         Ossuary (visited)

Altars:
Ashenzari
Cheibriados
Dithmenos
Elyvilon
Fedhas
Gozag
Hepliaklqana
Kikubaaqudgha
Makhleb
Nemelex Xobeh
Okawaru
Qazlal
Ru
Sif Muna
Trog
Uskayaw
Vehumet
Wu Jian
Xom
Yredelemnul
Zin
The Shining One
Beogh

Shops:
D:3 =

Annotations:
D:3 2 runed translucent doors, coolguy420's ghost, amateur DECj
D:6 1 runed translucent door, Crazy Yiuf
D:10 Erica; Snorg; Sonja
D:11 Fannar


Innate Abilities, Weirdness & Mutations

You are a venomous arachnid creature.
You have poisonous fangs.
You are tiny and dextrous.
Your spellcasting is less reliable in this form.
Your armour is entirely melded.
You are incapable of wielding weapons or throwing items.
((You can spit globs of acid.))
((Your golden yellow scales are hard. (AC +7)))
You cannot fit into any form of body armour.
((You are cold-blooded and may be slowed by cold attacks.))
((You are resistant to acid. (rCorr)))


Message History

You bite Fannar!
Fannar is heavily wounded.
Fannar hits you with a staff of cold.
* * * LOW HITPOINT WARNING * * *
You completely miss Fannar.
Fannar is heavily wounded.
You hit Fannar.
Fannar looks as sick as possible!
Fannar is heavily wounded.
Fannar barely misses you.
You hit Fannar.
Fannar looks as sick as possible!
Fannar is heavily wounded.
Fannar murmurs some mystic words to themself.
Fannar misses you.
You hit Fannar.
Fannar is severely wounded.
Fannar completely misses you.
You hit Fannar.
Fannar looks as sick as possible!
Fannar is severely wounded.
Fannar hits you with a staff of cold.
* * * LOW HITPOINT WARNING * * *
Fannar freezes you.
* * * LOW HITPOINT WARNING * * *
You feel better.
Fannar casts a spell.
Fannar drains the heat from the surrounding environment!
* * * LOW HITPOINT WARNING * * *
You feel better.
Fannar casts a spell.
You hit Fannar.
Fannar looks as sick as possible!
Fannar is almost dead.
Fannar hits you with a staff of cold.
* * * LOW HITPOINT WARNING * * *
Fannar freezes you!
* * * LOW HITPOINT WARNING * * *
Fannar gestures wildly while chanting.
You hit the ice beast but do no damage. The ice beast barely misses you.
Fannar points at you and mumbles some strange words.
The bolt of cold hits the ice beast.
The ice beast completely resists.
The bolt of cold hits you!!
You die...

#..........##...........##.....
......# ..........###....e!..
#.....# #.......# ####.....
#..)..# #.......# ##.# ##.####
#####.### #.# ##..# #.# #e.##
##'### ##Y#### ...>.# #..s..#
.....# ###.#.#.# .....# #.'.#.#
# .>...#######.#.###
.....'.......#...
.....##########+## .....#
##'### .. #..# ##.#


You could see Fannar (extremely poisoned) and an ice beast (summoned).

Vanquished Creatures
  A two-headed ogre (D:10)
  3 trolls
  Grinder (D:6)
  Grum (D:8)
  3 steam dragons
  6 water moccasins
  A black bear (D:6)
  5 orc warriors
  3 ogres
  5 centaurs
  3 wolves (D:8)
  A kobold brigand (D:9)
  3 bullfrogs
  2 scorpions
  A water moccasin zombie (D:6)
  A wyvern skeleton (D:6)
  10 wights
  2 howler monkeys (D:8)
  A bullfrog zombie (D:5)
  2 centaur zombies
  A human zombie (Ossuary)
  2 jellies
  A gnoll shaman (D:5)
  A hound (D:6)
  2 bullfrog skeletons
  10 orc priests
  A centaur skeleton (D:6)
  An iguana (D:5)
  10 orc wizards
  A killer bee zombie (D:8)
  2 human simulacra (D:11)
  A hound zombie (D:5)
  4 mummies (Ossuary)
  2 howler monkey zombies
  6 adders
  3 gnolls (D:5)
  A shadow imp (D:3)
  2 white imps
  An ufetubus (D:5)
  3 worms
  4 dart slugs
  34 orcs
  6 endoplasms
  6 giant cockroaches
  6 goblins
  4 hobgoblins
  6 jackals
  3 quokkas
  10 ball pythons
  2 bats (D:2)
  2 frilled lizards
  2 gnoll zombies (Ossuary)
  2 goblin zombies (Ossuary)
  A hobgoblin zombie (Ossuary)
  10 kobolds
  A kobold zombie (Ossuary)
  An orc zombie (Ossuary)
  9 rats
219 creatures vanquished.

Vanquished Creatures (others)
  An orc wizard (D:8)
  7 plants (D:11)
8 creatures vanquished.

Grand Total: 227 creatures vanquished

Notes
Turn   | Place    | Note
-------+----------+-------------------------------------------
     0 | D:1      | fragbeetle the Draconian Transmuter began the quest for the
                  | Orb.
     0 | D:1      | Reached XP level 1. HP: 16/16 MP: 3/3
   287 | D:1      | Reached XP level 2. HP: 20/24 MP: 3/5
  1030 | D:2      | Reached XP level 3. HP: 29/29 MP: 4/6
  1357 | D:2      | Reached XP level 4. HP: 13/37 MP: 5/7
  2239 | D:2      | Learned a level 3 spell: Spider Form
  2515 | D:3      | Found Guv Mohoips's Jewellery Shoppe.
  2540 | D:3      | Reached XP level 5. HP: 42/42 MP: 6/8
  2595 | D:3      | Reached skill level 4 in Unarmed Combat
  2806 | D:3      | Found a large runed translucent door.
  2807 | D:3      | Found a large runed translucent door.
  2809 | D:3      | Noticed coolguy420's ghost (amateur DECj)
  2913 | D:3      | Found a faded altar of an unknown god.
  3242 | D:4      | Reached XP level 6. HP: 30/51 MP: 7/10
  3941 | D:5      | Entered Level 5 of the Dungeon
  4561 | D:5      | Noticed a water moccasin
  4576 | D:5      | Killed a water moccasin
  4577 | D:5      | Reached skill level 1 in Stealth
  4577 | D:5      | Reached skill level 5 in Unarmed Combat
  4577 | D:5      | Your scales start taking on a golden yellow colour.
  4577 | D:5      | Reached XP level 7. HP: 14/58 MP: 11/11
  4577 | D:5      | Gained mutation: You are resistant to acid. (rCorr) [Yellow
                  | Draconian growth]
  5312 | D:5      | Reached XP level 8. HP: 51/66 MP: 9/13
  5789 | D:6      | Noticed Grinder
  5804 | D:6      | Killed Grinder
  5805 | D:6      | Reached skill level 5 in Transmutations
  6164 | D:6      | Reached skill level 1 in Poison Magic
  6179 | D:6      | Learned a level 2 spell: Passwall
  6234 | D:6      | Reached skill level 6 in Unarmed Combat
  6384 | D:6      | Reached skill level 5 in Fighting
  6500 | D:6      | Reached skill level 1 in Evocations
  6690 | D:6      | Identified the +1 ring mail "Reeharuu" {rPois rCorr}
  6736 | D:6      | Found a runed translucent door.
  6737 | D:6      | Noticed Crazy Yiuf
  7008 | D:6      | Reached XP level 9. HP: 74/74 MP: 11/15
  7585 | D:7      | Found a staircase to the Ecumenical Temple.
  7598 | Temple   | Entered the Ecumenical Temple
  7738 | Temple   | Became a worshipper of Makhleb the Destroyer
  8830 | D:8      | Reached skill level 5 in Dodging
  8923 | D:8      | Reached skill level 7 in Unarmed Combat
  9061 | D:8      | Reached * piety under Makhleb
  9078 | D:8      | Found a sand-covered staircase.
  9181 | Ossuary  | Entered an ossuary
  9588 | D:8      | Found a bloodstained altar of Trog.
  9983 | D:8      | Noticed Grum
 10006 | D:8      | Killed Grum
 10837 | D:9      | Noticed a kobold demonologist
 10927 | D:9      | Learned a level 1 spell: Sandblast
 11057 | D:9      | Reached XP level 10. HP: 76/83 MP: 17/17
 11389 | D:9      | Learned a level 4 spell: Ice Form
 11442 | D:9      | Reached skill level 5 in Spellcasting
 11798 | D:9      | Reached skill level 8 in Unarmed Combat
 11890 | D:9      | Reached ** piety under Makhleb
 12197 | D:9      | Found a staircase to the Orcish Mines.
 12451 | D:10     | Entered Level 10 of the Dungeon
 12459 | D:10     | Noticed Snorg
 12463 | D:10     | Noticed Erica
 12520 | D:10     | Noticed a two-headed ogre
 12528 | D:10     | Killed a two-headed ogre
 12834 | D:10     | Noticed Sonja
 12964 | D:11     | Noticed a boulder beetle
 12991 | D:11     | Found a staircase to the Lair.
 13152 | D:11     | Noticed Fannar
 13186 | D:11     | Killed from afar by Fannar

Illustrated notes

Levels and vault maps discovered:
D:1:      moated_graveyard_arrival, layout_loops_cross
D:2:      layout_loops_ring, minmay_joined_circles
D:3:      layout_loops_ring, hellmonk_ecumenical_altar_defaced_shrine,
          serial_shops, nicolae_shop_stone, ebering_ghost_disaster_area
D:4:      layout_loops_cross, kennysheep_another_room
D:5:      layout_basic
D:6:      layout_loops_corners, serial_co_window_serial, co_window_corner_a,
          co_window_cross_1, co_window_of_opportunity_a, co_window_corner_a,
          co_window_of_opportunity_a, co_window_of_opportunity_b,
          co_window_corner_cb, co_window_cross_4, glass_columns_a,
          glass_columns_a, glass_columns_a, glass_columns_a, glass_columns_a,
          uniq_crazy_yiuf_cottage, uniq_grinder
D:7:      layout_basic, temple_fountains, hangedman_decor_growths
D:8:      layout_gridville, mainiacjoe_overflow_surrounded_room,
          enter_ossuary_5, uniq_grum
D:9:      layout_irregular_city, david_orc_4, corexii_checkpoint_a,
          minmay_misc_feat_ornament, minmay_crystal_water, nrook_uturn
D:10:     layout_small_grid, chequers_jeans, uniq_sonja, uniq_erica, uniq_snorg
D:11:     layout_roguey, dpeg_oklobed_lair, bh_circular_ruins, uniq_fannar
Temple:   mainiacjoe_temple_trianglar_array

Skill      XL: |  1  2  3  4  5  6  7  8  9 10 |
---------------+-------------------------------+-----
Dodging        | 2 3 4 5 6 |  6.3
Fighting       | 2 3 4 5 6 |  6.7
Unarmed Combat | 4 5 6 7 8 |  8.6
Transmutations | 3 4 5 6 7 |  7.2
Stealth        | 1 |  1.9
Spellcasting   | 3 4 5 |  5.2
Poison Magic   | 1 2 3 |  3.0
Evocations     | 1 3 4 |  4.4

Action                   |  1- 3 |  4- 6 |  7- 9 | 10-12 || total
-------------------------+-------+-------+-------+-------++-------
Melee: Unarmed           |    87 |   163 |   330 |   157 ||   737
       Kick              |    14 |    39 |    54 |     5 ||   112
       Headbutt          |     8 |    29 |    24 |     3 ||    64
       Tailslap          |     5 |     8 |    35 |     2 ||    50
       Punch             |     1 |       |     2 |       ||     3
 Cast: Beastly Appendage |    16 |    35 |    26 |     3 ||    80
       Spider Form       |       |     1 |    22 |    18 ||    41
 Abil: Breathe Acid      |       |       |     1 |       ||     1
  Use: Potion            |     2 |       |     1 |     3 ||     6
       Scroll            |       |       |    10 |     2 ||    12
 Stab: Sleeping          |       |     2 |     5 |     1 ||     8
Armor: Skin              |    21 |    24 |    40 |     9 ||    94
Dodge: Dodged            |    45 |    92 |   269 |   174 ||   580

Table legend: (Time is in decaauts)
 A = Elapsed time spent in this place.
 B = Non-inter-level travel time spent in this place.
 C = Inter-level travel time spent in this place.
 D = Time resting spent in this place.
 E = Time spent auto-exploring this place.
 F = Levels seen in this place.
 G = Mean time per level.
                   A        B        C        D        E       F      G
               +--------+--------+--------+--------+--------+-----+--------+
         Total |  13111 |  12635 |    476 |   2976 |   6271 |  13 | 1008.5 |
       Dungeon |  12442 |  11966 |    476 |   2970 |   5881 |  11 | 1131.1 |
        Temple |    417 |    417 |      0 |      0 |    390 |   1 |  417.0 |
       Ossuary |    251 |    251 |      0 |      6 |      0 |   1 |  251.0 |
               +--------+--------+--------+--------+--------+-----+--------+

Top non-repeatable levels by time:
     D:6: 2262 daAuts
     D:5: 1764 daAuts
     D:9: 1628 daAuts
     D:8: 1592 daAuts
     D:2: 1425 daAuts
     D:3: 878 daAuts
     D:4: 816 daAuts
     D:1: 807 daAuts
     D:7: 604 daAuts
  Temple: 417 daAuts
    D:10: 332 daAuts
    D:11: 330 daAuts
 Ossuary: 251 daAuts
